 Dungeon Crawl Stone Soup version 0.26-a0-652-gafc20e3620 (webtiles) character file.

Game seed: 12720380281513386134

880 jasper the Covert (level 7, -1/43 HPs)
             Began as a Vampire Brigand on Oct 1, 2020.
             Was an Initiate of Ashenzari.
             Slain by an orc priest
             ... wielding a +0 vorpal flail
              (2 damage)
             ... on level 5 of the Dungeon.
             The game lasted 00:05:58 (3955 turns).

jasper the Covert (Vampire Brigand)                 Turns: 3955, Time: 00:05:59

Health: -1/43      AC: 10    Str:  9 (12) XL:     7   Next: 75%
Magic:  7/7        EV: 12    Int: 10 (13) God:    Ashenzari [......]
Gold:   210        SH:  0    Dex: 15 (16) Spells: 6/6 levels left

rFire    . . .     SeeInvis +   a - +2 dagger
rCold    + + +     Faith    +   (no shield)
rNeg     + + +     Spirit   .   v - +2 ring mail {rC+} (curse)
rPois    ∞         Reflect  .   (no helmet)
rElec    .         Harm     .   c - +0 cloak
rCorr    .         Rampage  .   n - +1 pair of gloves
MR       .....                  (no boots)
Stlth    ++++++....             l - amulet of faith
HPRegen  0.00/turn              (no ring)
MPRegen  0.10/turn              (no ring)

@: bloodless
A: fangs 3, see invisible, unbreathing
a: Bat Form, Revivify, Curse Item, Renounce Religion


You were on level 5 of the Dungeon.
You worshipped Ashenzari.
Ashenzari was noncommittal.
You visited 1 branch of the dungeon, and saw 5 of its levels.

You collected 210 gold pieces.

Inventory:

Hand Weapons
 a - a +2 dagger (weapon)
 C - a +0 arbalest
 E - a +0 long sword
Missiles
 d - 12 poisoned darts (quivered)
 e - a curare-tipped dart
 w - 8 boomerangs
 B - 7 javelins
 D - 23 bolts
Armour
 b - a +0 robe
 c - a +0 cloak (worn)
 j - a +0 ring mail
 n - a +1 pair of gloves (worn)
 u - a +0 chain mail
 v - a cursed +2 ring mail of cold resistance (worn)
Jewellery
 l - an amulet of faith (around neck)
Wands
 y - a wand of random effects (14)
Scrolls
 g - 2 scrolls of fear {unknown}
 h - a scroll of magic mapping {unknown}
 i - 4 scrolls of enchant weapon {unknown}
 p - 3 scrolls of teleportation {unknown}
 q - a scroll of random uselessness {unknown}
 s - 3 scrolls of identify {unknown}
 x - 2 scrolls of noise {unknown}
Potions
 f - a potion of degeneration
 k - a potion of resistance {unknown}
 m - a potion of heal wounds {unknown}
 o - a potion of haste {unknown}
 r - a potion of might {unknown}
 t - 2 potions of mutation {unknown}
 z - 2 potions of stabbing {unknown}
 A - a potion of lignification {unknown}


   Skills:
 + Level 4.3 Fighting
 - Level 2.1 Short Blades
 - Level 1.5 Throwing
 + Level 4.8 Dodging
 * Level 11.2 Stealth


You had 6 spell levels left.
You didn't know any spells.
Your spell library was empty.

Dungeon Overview and Level Annotations

Branches:
Dungeon (5/15)
 Temple: D:4-7

Altars:
Ashenzari
Elyvilon
Hepliaklqana
Nemelex Xobeh
Qazlal
Yredelemnul
The Shining One

Shops:
D:4 }


Innate Abilities, Weirdness & Mutations

You do not regenerate when monsters are visible.
You are frail without blood (-20% HP).
You can heal yourself when you bite living creatures.
You are immune to poison.
You have razor-sharp teeth.
You have supernaturally acute eyesight. (SInv)
You can survive without breathing.


Message History

The orc priest is moderately wounded.
The orc priest hits you with a +0 vorpal flail!
* * * LOW HITPOINT WARNING * * *
x2 You hit the orc priest.
The orc priest is moderately wounded.
Unknown command.
It was a potion of degeneration.
There was something very wrong with that liquid.
You feel weakened.
You feel dopey.
You feel clumsy. The orc priest barely misses you.
The orc priest looks more healthy.
Throwing (i - inventory. (/) - cycle)
d - 13 poisoned darts (quivered)
Press: ? - help, Shift-Dir - straight line, f/p - orc priest
Aim: an orc priest, wielding a +0 vorpal flail (severely wounded)
You throw a poisoned dart.
The poisoned dart closely misses the orc priest.
The poisoned dart hits the orc.
The orc priest hits you with a +0 vorpal flail.
* * * LOW HITPOINT WARNING * * *
You die...

.......####.######## .#
.(........#.# ..
.......##.#.#
#########(#
.......##†#.#
#...o...).#
.......##...#
#.#######(#
....#####.### #.# (.
##### #)# #o# (# #.#
#o# # #.# #@# #.# #.#
#.# #># #.#### #.#
#....# #.# #.##.# #.#
#######.##.# #.########
......).##.# #.........
##########.###.########


You could see an orc priest and an orc.

Vanquished Creatures
  Sigmund (D:5)
  A sky beast (D:5)
  2 ogres
  A centaur (D:5)
  A bullfrog zombie (D:5)
  A hound (D:4)
  2 orc priests (D:3)
  An orc wizard (D:5)
  A worker ant (D:4)
  2 hound skeletons
  6 adders
  5 gnolls
  A howler monkey skeleton (D:4)
  An ufetubus (D:3)
  2 oozes (D:4)
  A leopard gecko (D:1)
  10 orcs
  A ball python (D:4)
  2 giant cockroaches (D:3)
  4 goblins
  5 hobgoblins
  8 jackals (D:5)
  3 quokkas
  5 bats
  3 frilled lizards
  5 kobolds
  A rat (D:1)
76 creatures vanquished.

Notes
Turn   | Place    | Note
-------+----------+-------------------------------------------
     0 | D:1      | jasper the Vampire Brigand began the quest for the Orb.
     0 | D:1      | Reached XP level 1. HP: 16/16 MP: 1/1
    44 | D:1      | Reached skill level 6 in Stealth
   166 | D:1      | Reached XP level 2. HP: 20/22 MP: 2/2
   762 | D:2      | Reached XP level 3. HP: 27/27 MP: 3/3
   854 | D:2      | Noticed a necrophage
  1371 | D:3      | Reached skill level 7 in Stealth
  1534 | D:3      | Reached XP level 4. HP: 27/27 MP: 4/4
  1721 | D:3      | Found a basalt altar of Yredelemnul.
  1721 | D:3      | Found a stormy altar of Qazlal.
  1977 | D:3      | Reached skill level 8 in Stealth
  2042 | D:3      | Found a faded altar of an unknown god.
  2149 | D:3      | Reached XP level 5. HP: 32/32 MP: 5/5
  2267 | D:3      | Found a white marble altar of Elyvilon.
  2273 | D:3      | Found a broken altar of Ashenzari.
  2277 | D:3      | Found a sparkling altar of Nemelex Xobeh.
  2278 | D:3      | Found a hazy altar of Hepliaklqana.
  2295 | D:3      | Became a worshipper of Ashenzari the Shackled
  2516 | D:4      | Found Ysotyff's Gadget Emporium.
  2807 | D:4      | Noticed an ogre
  2822 | D:4      | Killed an ogre
  2822 | D:4      | Reached skill level 9 in Stealth
  2822 | D:4      | Reached XP level 6. HP: 37/37 MP: 6/6
  3188 | D:5      | Entered Level 5 of the Dungeon
  3362 | D:5      | Reached skill level 10 in Stealth
  3362 | D:5      | Reached XP level 7. HP: 42/42 MP: 7/7
  3369 | D:5      | Noticed Sigmund
  3372 | D:5      | Killed Sigmund
  3474 | D:5      | Found a glowing golden altar of the Shining One.
  3775 | D:5      | Reached skill level 11 in Stealth
  3955 | D:5      | HP: 1/43 [orc priest/+0 vorpal flail (6)]
  3955 | D:5      | Slain by an orc priest

Illustrated notes

Levels and vault maps discovered:
D:1:      psy_arrival_whirlpool, layout_basic
D:2:      layout_loops_cross, lightli_corner_chamber
D:3:      layout_basic, minitemple, gammafunk_temple_overflow_wave,
          chequers_ecumenical_altar_simple
D:4:      layout_basic, serial_shops, nicolae_shop_stone,
          hangedman_decor_lopped, kennysheep_small_spiral, grunt_decor_arrowhead
D:5:      layout_loops_ring, marbit_many_paths, tso_metal_star, temple_statues,
          uniq_sigmund

Skill      XL: |  1  2  3  4  5  6  7 |
---------------+----------------------+-----
Stealth        | 6 7 8 9 10 11 | 11.2
Fighting       | 2 3 4 |  4.3
Dodging        | 2 3 4 |  4.8
Short Blades   | |  2.1
Throwing       | |  1.5

Action                   |  1- 3 |  4- 6 |  7- 9 || total
-------------------------+-------+-------+-------++-------
Melee: Dagger            |    63 |    98 |    46 ||   207
       Bite              |     6 |    10 |     5 ||    21
Throw: Dart              |     4 |    33 |    18 ||    55
Invok: Curse Item        |       |     1 |       ||     1
 Abil: Exsanguinate      |     1 |       |       ||     1
  Use: Scroll            |     1 |       |       ||     1
       Potion            |       |       |     1 ||     1
 Stab: Sleeping          |    10 |    18 |     2 ||    30
Armor: Robe              |     4 |       |       ||     4
       Ring mail         |     9 |    28 |    12 ||    49
Dodge: Dodged            |    23 |    58 |    24 ||   105

Table legend: (Time is in decaauts)
 A = Elapsed time spent in this place.
 B = Non-inter-level travel time spent in this place.
 C = Inter-level travel time spent in this place.
 D = Time resting spent in this place.
 E = Time spent auto-exploring this place.
 F = Levels seen in this place.
 G = Mean time per level.
                   A        B        C        D        E       F      G
               +--------+--------+--------+--------+--------+-----+--------+
         Total |   3931 |   3720 |    211 |    363 |   2638 |   5 |  786.2 |
       Dungeon |   3931 |   3720 |    211 |    363 |   2638 |   5 |  786.2 |
               +--------+--------+--------+--------+--------+-----+--------+

Top non-repeatable levels by time:
     D:3: 1137 daAuts
     D:4: 770 daAuts
     D:1: 759 daAuts
     D:5: 757 daAuts
     D:2: 505 daAuts
